 Dungeon Crawl Stone Soup version 0.25.1-2-g60ff931df9 (webtiles) character file.

Game seed: 16563617046571359745

270 pokeman the Magician (level 6, 0/34 HPs)
             Began as a Deep Elf Wizard on Oct 28, 2020.
             Killed from afar by an orc wizard (4 damage)
             ... with a magic dart
             ... on level 5 of the Dungeon.
             The game lasted 00:09:56 (4115 turns).

pokeman the Magician (Deep Elf Wizard)              Turns: 4115, Time: 00:09:57

Health: 0/34       AC:  4    Str:  4    XL:     6   Next: 1%
Magic:  6/17       EV: 12    Int: 25    God:
Gold:   335        SH:  0    Dex: 13    Spells: 7/18 levels left

rFire    . . .     SeeInvis .   k - +2 dagger (venom)
rCold    . . .     Gourm    .   (no shield)
rNeg     . . .     Faith    .   h - +0 leather armour
rPois    .         Spirit   .   c - +0 helmet
rElec    .         Reflect  .   (no cloak)
rCorr    +         Harm     .   (no gloves)
MR       .....                  (no boots)
Stlth    ++........             (no amulet)
HPRegen  0.11/turn              t - ring of resist corrosion
MPRegen  0.15/turn              (no ring)

@: no status effects
A: no striking features
a: no special abilities


You were on level 5 of the Dungeon.
You were hungry.

You visited 1 branch of the dungeon, and saw 5 of its levels.

You collected 335 gold pieces.

Inventory:

Hand Weapons
 k - a +2 dagger of venom (weapon)
Missiles
 s - 21 bolts
Armour
 c - a +0 helmet (worn)
 h - a +0 leather armour (worn)
Jewellery
 r - an uncursed amulet of guardian spirit
 t - a ring of resist corrosion (left hand)
Wands
 b - a wand of iceblast (13)
Scrolls
 a - 2 scrolls of teleportation {unknown}
 f - 5 scrolls of identify {unknown}
 g - 3 scrolls of amnesia {unknown}
 i - 3 scrolls of remove curse {unknown}
 l - a scroll of enchant armour {unknown}
 n - 3 scrolls of fear {unknown}
 o - 2 scrolls of magic mapping {unknown}
Potions
 e - 4 potions of might {unknown}
 j - 2 potions of curing {unknown}
 m - a potion of degeneration {unknown}
 p - a potion of haste {unknown}
 q - a potion of brilliance {unknown}
Comestibles
 d - 3 rations


   Skills:
 + Level 1.1 Fighting
 - Level 1.0 Armour
 - Level 3.0 Dodging
 + Level 2.7 Stealth
 * Level 6.7 Spellcasting
 + Level 3.0 Conjurations
 - Level 1.1 Summonings
 - Level 1.1 Translocations
 - Level 1.2 Fire Magic
 - Level 1.0 Air Magic
 - Level 1.0 Poison Magic


You had 7 spell levels left.
You knew the following spells:

 Your Spells              Type           Power        Failure   Level  Hunger
a - Magic Dart            Conj           ###.         3%          1    None
b - Mephitic Cloud        Conj/Pois/Air  ###.....     19%         3    None
c - Call Imp              Summ           ##......     12%         2    None
d - Blink                 Tloc           N/A          12%         2    None
e - Conjure Flame         Conj/Fire      ###.....     14%         3    None

Your spell library contained the following spells:

 Spells                   Type           Power        Failure   Level  Hunger
 Corona                   Hex            #......      12%         1    None
 Ensorcelled Hibernation  Hex/Ice        #.....       19%         2    None
 Slow                     Hex            #.......     19%         2    None
 Dazzling Flash           Conj/Hex       ###...       19%         3    None
 Gell's Gravitas          Tloc           ##........   22%         3    None
 Confusing Touch          Hex            #.......     34%         3    None
 Tukima's Dance           Hex            #.......     34%         3    None
 Petrify                  Tmut/Erth      #.......     75%         4    ###....
 Metabolic Englaciation   Hex/Ice        #.........   97%         5    #####..
 Yara's Violent Unravell  Hex/Tmut       #.........   97%         5    #####..


Dungeon Overview and Level Annotations

Branches:
Dungeon (5/15)
 Temple: D:4-7

Altars:
Cheibriados
Elyvilon
Makhleb
Yredelemnul

Annotations:
D:5 Dowan, Duvessa


Message History

Unknown command.
Dowan is engulfed in noxious fumes.
Dowan appears confused.
Duvessa barely misses you. The quokka barely misses you.
Dowan is engulfed in noxious fumes.
Dowan appears confused.
Dowan hits the quokka with a +0 dagger.
Dowan hits you with a +0 dagger.
Duvessa barely misses something.
The orc wizard casts a spell.
The orc wizard blinks!
The orc wizard casts a spell at you. The magic dart hits you!
* * * LOW HITPOINT WARNING * * *
Duvessa hits Dowan with a +0 short sword!
The quokka bites you but does no damage.
You open the door.
A sky beast appears from thin air!
Reactivating autopickup.
The quokka closely misses you.
Dowan asks, "Where am I?"
The orc wizard casts a spell at you. The magic dart hits you.
You die...

.........§###.ho#
#####.
...?...Y..#
#.#.###§#...
.......e..#
#.#...§.o.##
..#.......#
#.#.##.)#.##
#......Y..#
#.#.Y..a#...
#......e..#
#....#..####
#.........#
###..#.Y.
#.....ro..#
#o......
###..##@###
#.##..... .....
#.# #. #......
.... #.. .. ###.
. .# #


You could see Duvessa (confused), an ice beast, a sky beast (confused), Dowan
(confused), an orc wizard (fast) and a quokka.

Vanquished Creatures
  A hound (D:4)
  An orc priest (D:5)
  A howler monkey zombie (D:3)
  Robin (D:2)
  A howler monkey skeleton (D:4)
  A gnoll (D:1)
  8 adders
  2 worms (D:2)
  A dart slug (D:2)
  5 leopard geckos
  An orc (D:5)
  7 giant cockroaches
  15 goblins
  13 hobgoblins
  A jackal (D:5)
  2 quokkas
  5 bats
  7 frilled lizards
  9 kobolds
  6 rats
88 creatures vanquished.

Notes
Turn   | Place    | Note
-------+----------+-------------------------------------------
     0 | D:1      | pokeman the Deep Elf Wizard began the quest for the Orb.
     0 | D:1      | Reached XP level 1. HP: 10/10 MP: 7/7
   280 | D:1      | Reached XP level 2. HP: 13/16 MP: 3/9
   467 | D:1      | Reached skill level 5 in Spellcasting
   529 | D:1      | Reached XP level 3. HP: 14/20 MP: 3/11
   963 | D:2      | Reached skill level 1 in Armour
   968 | D:2      | Learned a level 3 spell: Mephitic Cloud
   971 | D:2      | Learned a level 2 spell: Call Imp
   974 | D:2      | Learned a level 2 spell: Blink
   978 | D:2      | Learned a level 3 spell: Conjure Flame
  1141 | D:2      | Reached skill level 1 in Fighting
  1309 | D:2      | Reached XP level 4. HP: 25/25 MP: 8/13
  1357 | D:2      | Noticed Robin
  1374 | D:2      | Killed Robin
  1787 | D:2      | Reached skill level 1 in Fire Magic
  2471 | D:3      | Found a burning altar of Makhleb.
  2522 | D:3      | Reached skill level 1 in Air Magic
  2645 | D:3      | Reached skill level 6 in Spellcasting
  2645 | D:3      | Reached XP level 5. HP: 29/29 MP: 8/15
  2927 | D:3      | Found a basalt altar of Yredelemnul.
  3715 | D:4      | Reached skill level 1 in Poison Magic
  3870 | D:4      | Found a snail-covered altar of Cheibriados.
  3944 | D:4      | Found a white marble altar of Elyvilon.
  4012 | D:5      | Entered Level 5 of the Dungeon
  4090 | D:5      | Reached XP level 6. HP: 20/34 MP: 8/17
  4090 | D:5      | Noticed a sky beast
  4092 | D:5      | Noticed an ice beast
  4103 | D:5      | Noticed Dowan
  4105 | D:5      | Noticed Duvessa
  4115 | D:5      | Killed from afar by an orc wizard

Illustrated notes

Levels and vault maps discovered:
D:1:      dpeg_arrival_windows_large_door, layout_rooms
D:2:      layout_loops_ring, first_ration, uniq_robin
D:3:      layout_basic, yredelemnul_altar_generic, lightli_temple_of_fire
D:4:      layout_cave_pools, cheibriados_altar_1, kennysheep_little_box
D:5:      layout_basic, zin_statuary, nicolae_overflow_crystal_walls,
          lemuel_crystal_altar, uniq_duvessa, uniq_ijyb, uniq_blork_the_orc

Skill      XL: |  1  2  3  4  5 |
---------------+----------------+-----
Spellcasting   | 5 6 |  6.7
Armour         | 1 |  1.0
Conjurations   | 2 3 |  3.0
Fighting       | 1 |  1.1
Fire Magic     | 1 |  1.2
Air Magic      | 1 |  1.0
Poison Magic   | 1 |  1.0
Dodging        | 3 |  3.0
Stealth        | |  2.7
Summonings     | |  1.1
Translocations | |  1.1

Action                   |  1- 3 |  4- 6 || total
-------------------------+-------+-------++-------
Melee: Unarmed           |     1 |       ||     1
       Dagger            |     3 |    20 ||    23
 Cast: Magic Dart        |    78 |   123 ||   201
       Mephitic Cloud    |       |     5 ||     5
       Conjure Flame     |       |     1 ||     1
 Stab: Sleeping          |     1 |       ||     1
       Confused          |       |     2 ||     2
  Eat: Chunk             |     1 |     8 ||     9
Armor: Robe              |     2 |       ||     2
       Leather armour    |     1 |    10 ||    11
Dodge: Dodged            |    12 |    39 ||    51
